 Dungeon Crawl Stone Soup version 0.17-a0-1793-gcbb3aa1 (webtiles) character file.

933 Stormsson the Grave Robber (level 7, -7/46 HPs)
             Began as a Vampire Necromancer on Sept 9, 2015.
             Killed from afar by an orc wizard (11 damage)
             ... with a puff of flame
             ... on level 6 of the Dungeon.
             The game lasted 00:54:03 (6468 turns).

Stormsson the Grave Robber (Vampire Necromancer)    Turns: 6468, Time: 00:54:03

Health: -7/46      AC:  3    Str:  7    XL:     7   Next: 86%
Magic:  7/23       EV: 14    Int: 20    God:
Gold:   267        SH:  0    Dex: 14    Spells: 6 memorised, 2 levels left

rFire  . . .     SeeInvis +     y - +0 dagger
rCold  . . .     Clarity  .     a - +0 robe
rNeg   + + .     SustAt   .     (no shield)
rPois  .         Gourm    .     (no helmet)
rElec  .         Spirit   .     (no cloak)
rCorr  .         Warding  +     (no gloves)
rMut   .         Stasis   .     f - +0 pair of boots
MR     .....                    B - amulet of warding
Stlth  +++++.....               z - ring of stealth
                                j - ring of magical power

@: not resistant to hostile enchantments, quite stealthy
A: fangs 3, see invisible, unbreathing
a: Bat Form


You were on level 6 of the Dungeon.
You were not thirsty.

You visited 1 branch of the dungeon, and saw 6 of its levels.

You collected 267 gold pieces.

Inventory:

Hand weapons
 y - a +0 dagger (weapon)
Armour
 a - a +0 robe (worn)
 f - a +0 pair of boots (worn)
Jewellery
 j - a ring of magical power (left hand)
 s - an uncursed ring of see invisible
 z - a ring of stealth (right hand)
 B - an amulet of warding (around neck)
Magical devices
 w - a wand of teleportation (1)
 D - a wand of disintegration (10)
Scrolls
 d - a scroll of enchant armour {unknown}
 g - a scroll of remove curse
 i - a scroll of fog
 m - a scroll of magic mapping {unknown}
 q - 2 scrolls of amnesia
 A - a scroll of teleportation {unknown}
Potions
 c - 2 potions of might
 h - a potion of ambrosia {unknown}
 l - a potion of curing
 n - 2 potions of cancellation {unknown}
 p - a potion of brilliance {unknown}
 r - a potion of resistance {unknown}
 t - a potion of poison
 u - a potion of flight
 x - a potion of lignification {unknown}
 E - a potion of berserk rage {unknown}
Books
 b - a book of Necromancy

   Spells                             Type                      Level
   a - Pain                           Necromancy                   1
   b - Animate Skeleton               Necromancy                   1
   c - Vampiric Draining              Necromancy                   3
   d - Regeneration                   Charms/Necromancy            3
   e - Animate Dead                   Necromancy                   4
   f - Control Undead                 Necromancy                   4
 o - a Fen Folio

   Spells                             Type                      Level
   a - Corpse Rot                     Necromancy                   2
   b - Stone Arrow                    Conjuration/Earth            3
   c - Leda's Liquefaction            Hexes/Earth                  4
   d - Summon Forest                  Summoning/Translocation      5
   e - Hydra Form                     Transmutation                6
   f - Summon Hydra                   Summoning                    7
 F - a book of Hinderance

   Spells                             Type                      Level
   a - Confusing Touch                Hexes                        2
   b - Confuse                        Hexes                        3
   c - Gell's Gravitas                Hexes/Translocation          3
   d - Petrify                        Transmutation/Earth          4
   e - Metabolic Englaciation         Hexes/Ice                    5


   Skills:
 - Level 4.7 Dodging
 + Level 6.1 Stealth
 + Level 5.3 Spellcasting
 * Level 2.2 Hexes
 - Level 6.7 Necromancy


You had 2 spell levels left.
You knew the following spells:

 Your Spells              Type           Power        Failure   Level  Hunger
a - Pain                  Necr           ####         1%          1    None
b - Animate Skeleton      Necr           N/A          1%          1    None
c - Corpse Rot            Necr           N/A          1%          2    None
d - Vampiric Draining     Necr           ####......   1%          3    ##.....
e - Control Undead        Necr           ####......   10%         4    ####...
f - Confuse               Hex            ##......     14%         3    ##.....


Dungeon Overview and Level Annotations

Branches:
Dungeon (6/15)
 Temple: D:4-7

Altars:
Ashenzari
Elyvilon
Xom


Innate Abilities, Weirdness & Mutations

You have razor-sharp teeth.
You have supernaturally acute eyesight.
You can survive without breathing.


Message History

The orc wizard seems to speed up.
The orc wizard looks braver for a moment.
Casting: Pain
Confirm with . or Enter, or press ? or * to list all spells.
Aiming: Vampiric Draining
Press: ? - help, Shift-Dir - straight line, f - ogre
Aim: an ogre, wielding a giant club (moderately wounded)
The ogre is heavily wounded.
You feel life coursing into your body. The ogre hits you with a giant club!
* * * LOW HITPOINT WARNING * * *
The orc wizard looks braver for a moment.
Things that are here:
a short sword; a chain mail; an orc corpse
Things that are here:
a flail; an orc corpse The orc wizard misses you.
The orc wizard barely misses you.
The orc wizard points at you and mumbles some strange words.
The puff of flame hits you!
You die...

..#.######......# #.#
###.# #.##.#.# #.# ###.#
#...<#.# ##.## ....#
#.%###.# #...# #####
#......# #...# #..#####
#)).# . ##..#
#####...#####
..##...######...).......##
....#.....@.oO.).........
##.....####...........##
###.#.# ###.#...#.###
#...# #.#...#.#
##########.## #.#...#.#
###.......##.# #.#...#
.....####.##.# #.##.##
###..#.......# #.....
###..#.##.####


You could see an ogre and an orc wizard.

Vanquished Creatures
  Duvessa (D:4)
  2 sky beasts (D:5)
  An ogre (D:5)
  Dowan (D:4)
  A giant frog (D:5)
  A water moccasin skeleton (D:5)
  3 hounds
  2 orc wizards
  2 iguanas
  A centaur skeleton (D:5)
  Natasha (D:3)
  A worker ant (D:4)
  A hound skeleton (D:4)
  3 gnolls (D:4)
  5 adders
  An adder skeleton (D:4)
  3 worms
  2 giant geckos
  10 orcs
  7 bats
  6 giant cockroaches
  2 hobgoblins
  11 jackals
  2 quokkas (D:2)
  2 ball pythons
  5 giant newts
  6 goblins
  2 jackal skeletons (D:4)
  5 kobolds
  A quokka skeleton (D:4)
  A quokka zombie (D:6)
  6 rats
98 creatures vanquished.

Vanquished Creatures (collateral kills)
  An adder skeleton (D:4)
  A jackal (D:5)
  A quokka (D:6)
3 creatures vanquished.

Grand Total: 101 creatures vanquished

Notes
Turn   | Place    | Note
--------------------------------------------------------------
     0 | D:1      | Stormsson the Vampire Necromancer began the quest for the Orb.
     0 | D:1      | Reached XP level 1. HP: 13/13 MP: 3/3
    72 | D:1      | Learned a level 1 spell: Animate Skeleton
   700 | D:1      | Reached XP level 2. HP: 16/19 MP: 0/5
  1419 | D:2      | Learned a level 2 spell: Corpse Rot
  1526 | D:2      | Reached skill level 5 in Necromancy
  1551 | D:2      | Reached XP level 3. HP: 22/24 MP: 6/6
  2402 | D:3      | Reached XP level 4. HP: 25/30 MP: 7/7
  2703 | D:3      | Learned a level 3 spell: Vampiric Draining
  3469 | D:3      | Noticed Natasha
  3477 | D:3      | Killed Natasha
  3477 | D:3      | Reached XP level 5. HP: 21/35 MP: 9/9
  3976 | D:4      | Noticed Dowan
  4103 | D:4      | Noticed Duvessa
  4165 | D:4      | Killed Duvessa
  4165 | D:4      | Reached skill level 6 in Necromancy
  4165 | D:4      | Reached XP level 6. HP: 5/41 MP: 4/11
  4202 | D:4      | Killed Dowan
  4319 | D:4      | Learned a level 4 spell: Control Undead
  4445 | D:4      | Found a shattered altar of Ashenzari.
  4666 | D:5      | Entered Level 5 of the Dungeon
  4769 | D:5      | Reached skill level 5 in Stealth
  4797 | D:5      | Reached XP level 7. HP: 26/46 MP: 12/13
  5017 | D:5      | Found a white marble altar of Elyvilon.
  5719 | D:5      | Reached skill level 5 in Spellcasting
  6041 | D:6      | Found a shimmering altar of Xom.
  6041 | D:6      | Found a shimmering altar of Xom.
  6041 | D:6      | Found a shimmering altar of Xom.
  6042 | D:6      | Found a shimmering altar of Xom.
  6056 | D:6      | Found a shimmering altar of Xom.
  6056 | D:6      | Found a shimmering altar of Xom.
  6061 | D:6      | Learned a level 3 spell: Confuse
  6331 | D:6      | Found a shimmering altar of Xom.
  6338 | D:6      | Found a shimmering altar of Xom.
  6407 | D:6      | Reached skill level 1 in Hexes
  6456 | D:6      | HP: 2/46 [ogre/giant club (9)]
  6468 | D:6      | Killed from afar by an orc wizard

Vault maps used:
D:1:      lightli_arrival_farm, minmay_splitting_lines, grunt_decor_fettered
D:3:      first_bread, uniq_natasha
D:4:      overflow_temple_1_default, nicolae_overflow_hidden_temple,
          uniq_duvessa
D:5:      old_standard_altar, okawaru_altar_gauntlet_db,
          minmay_temple_entry_fiery
D:6:      xom_redecorated

Action                   |  1- 3 |  4- 6 |  7- 9 || total
-------------------------+-------+-------+-------++-------
Melee: Unarmed           |       |    29 |       ||    29
       Dagger            |       |    22 |    71 ||    93
 Cast: Pain              |    81 |    87 |    39 ||   207
       Animate Skeleton  |     3 |     2 |     1 ||     6
       Corpse Rot        |     1 |     4 |       ||     5
       Vampiric Draining |       |    10 |     8 ||    18
       Control Undead    |       |       |     5 ||     5
       Confuse           |       |       |     1 ||     1
Evoke: Wand              |       |     1 |       ||     1
  Use: Scroll            |     4 |     5 |     2 ||    11
       Potion            |     2 |       |     2 ||     4
 Stab: Sleeping          |       |       |     1 ||     1
  Eat: Corpse            |    10 |     2 |     5 ||    17
